[Event "XVI Memorial Lezcano Montalvo 2024"]
[Site "Gran Canaria"]
[Date "2024.03.26"]
[Round "4.23"]
[White "Basualdo De Ornelas, Jorge"]
[Black "Bergero, Simone"]
[Result "0-1"]
[ECO "B22"]
[WhiteElo "1792"]
[BlackElo "2022"]
[Annotator "RC"]
[PlyCount "70"]
[EventDate "2024.03.23"]
[EventType "swiss"]
[EventCountry "ESP"]
[SourceTitle "playchess.com"]
[Source "ChessBase"]
[SourceQuality "1"]
[TimeControl "5400+30"]

1. e4 c5 2. d4 cxd4 3. c3 Nf6 4. e5 Nd5 5. Qxd4 e6 6. Nf3 Nc6 7. Qg4 f5 8. Qg3 Qc7 9. Bb5 d6 10. Bxc6+ bxc6 11. O-O dxe5 12. Nxe5 Bd6 13. f4 O-O 14. Na3 Ba6 15. Re1 Rad8 16. Kh1 Nf6 17. Be3 Ne4 18. Qf3 Bxe5 19. fxe5 Qxe5 20. Nc2 c5 21. Rad1 Rxd1 22. Qxd1 Qc7 23. Bg1 Rd8 24. Qh5 g6 25. Qh3 Bb7 26. b4 Rd2 27. Ne3 Ng5 28. Qh6 f4 29. Rf1 f3 30. Bf2 fxg2+ 31. Nxg2 Qf4 32. h4 Bxg2+ 33. Kxg2 Qg4+ 34. Kh1 Qh3+ 35. Kg1 Nf3# 0-1

[Event "XVI Memorial Lezcano Montalvo 2024"]
[Site "Gran Canaria"]
[Date "2024.03.26"]
[Round "4.24"]
[White "Cruz Pino, Adrian"]
[Black "Rivero Reyes, Alejandro"]
[Result "1-0"]
[ECO "E61"]
[WhiteElo "2015"]
[BlackElo "1799"]
[Annotator "RC"]
[PlyCount "151"]
[EventDate "2024.03.23"]
[EventType "swiss"]
[EventCountry "ESP"]
[SourceTitle "playchess.com"]
[Source "ChessBase"]
[SourceQuality "1"]
[TimeControl "5400+30"]

1. c4 Nf6 2. Nf3 b6 3. e3 Bb7 4. b3 g6 5. Bb2 Bg7 6. Be2 d6 7. d4 Nbd7 8. O-O O-O 9. Nc3 e6 10. Qc2 c5 11. Rfd1 a6 12. dxc5 Nxc5 13. Rac1 Qc7 14. Qb1 Rfd8 15. Qa1 Qe7 16. Nd2 d5 17. b4 Nce4 18. Ncxe4 dxe4 19. a3 Rd7 20. Nb3 Rad8 21. Rxd7 Rxd7 22. Be5 Ne8 23. Bxg7 Nxg7 24. Qc3 Nf5 25. c5 Rc7 26. Qe5 f6 27. Qb2 b5 28. Qc2 Bd5 29. Nd2 e5 30. Nxe4 Qe6 31. Ng3 Ne7 32. Qb2 e4 33. Rd1 Nc6 34. h3 Rd7 35. Ra1 Ne5 36. Rd1 Bc6 37. Rd4 f5 38. Rxd7 Bxd7 39. Qd4 Kf7 40. Nf1 Ke7 41. Nd2 Bc6 42. Bd1 Qd5 43. Bb3 Qxd4 44. exd4 Nd3 45. d5 Ba8 46. d6+ Kf6 47. Bc2 Ne5 48. Kf1 Nc6 49. Nb3 Bb7 50. Ke2 Ke5 51. g3 Bc8 52. h4 h6 53. f3 exf3+ 54. Kxf3 Be6 55. Ke3 g5 56. hxg5 hxg5 57. Bd1 f4+ 58. gxf4+ gxf4+ 59. Kf2 Bd7 60. Bf3 Nd8 61. Na5 Be6 62. Nb7 Nxb7 63. Bxb7 Bd7 64. c6 Bxc6 65. Bxc6 Kxd6 66. Bb7 a5 67. bxa5 Kc5 68. Kf3 Kd6 69. Kxf4 Kc7 70. Ba6 Kb8 71. Bxb5 Ka7 72. Ke5 Kb7 73. Kd6 Ka7 74. Kc6 Ka8 75. Kb6 Kb8 76. a6 1-0

[Event "XVI Memorial Lezcano Montalvo 2024"]
[Site "Gran Canaria"]
[Date "2024.03.26"]
[Round "4.25"]
[White "Rossello Padron, Carlos"]
[Black "Pleschke, Julius Jonas"]
[Result "0-1"]
[ECO "A25"]
[WhiteElo "1792"]
[BlackElo "1993"]
[Annotator "RC"]
[PlyCount "90"]
[EventDate "2024.03.23"]
[EventType "swiss"]
[EventCountry "ESP"]
[SourceTitle "playchess.com"]
[Source "ChessBase"]
[SourceQuality "1"]
[TimeControl "5400+30"]

1. c4 e5 2. Nc3 Nc6 3. e3 Nf6 4. Nge2 d5 5. cxd5 Nxd5 6. Nxd5 Qxd5 7. Nc3 Qd8 8. Bb5 Bd7 9. O-O Bd6 10. Ne4 O-O 11. Nxd6 cxd6 12. b3 d5 13. d4 e4 14. Qh5 f5 15. f3 Be8 16. Qh3 Nxd4 17. Bxe8 Ne2+ 18. Kf2 Nxc1 19. Raxc1 Qxe8 20. Kg1 Rc8 21. Rcd1 Qe5 22. f4 Qe6 23. Rf2 Rc3 24. Rfd2 Qb6 25. Kf2 Qa5 26. g4 fxg4 27. Qxg4 Qc5 28. Rd4 Rc2+ 29. R1d2 Qxd4 30. Rxc2 Qf6 31. Kg3 Qb6 32. Re2 Qc6 33. Rd2 Rf6 34. Kf2 h6 35. h4 Kh7 36. Qh5 Rd6 37. Qf5+ Kg8 38. Qe5 a6 39. h5 Rd8 40. Qf5 Qd7 41. Qg6 Qf7 42. Qg4 Qf6 43. Rc2 d4 44. Rc8 dxe3+ 45. Kxe3 Qd4+ 0-1

[Event "XVI Memorial Lezcano Montalvo 2024"]
[Site "Gran Canaria"]
[Date "2024.03.26"]
[Round "4.26"]
[White "Blanco Garcia Bajo, David"]
[Black "Mukhi Talreja, Ishita Tina"]
[Result "1-0"]
[ECO "B01"]
[WhiteElo "2004"]
[BlackElo "1755"]
[Annotator "NA RC"]
[PlyCount "75"]
[EventDate "2024.03.23"]
[EventType "swiss"]
[EventCountry "ESP"]
[SourceTitle "playchess.com"]
[Source "ChessBase"]
[SourceQuality "1"]
[TimeControl "5400+30"]

1. e4 d5 2. exd5 Qxd5 3. Nc3 Qd6 4. Nb5 Qb6 5. Nf3 Nf6 6. Na3 c6 7. d4 Bf5 8. Nc4 Qc7 9. Nfe5 Nbd7 10. Bf4 Nxe5 11. Nxe5 Qa5+ 12. c3 Nd7 13. Qb3 Nxe5 14. Qb4 Qd8 15. Qxb7 Qc8 16. Bxe5 f6 17. Ba6 Bd7 18. Bc7 c5 19. d5 Kf7 20. d6 e6 21. Qd5 exd5 22. Bxc8 Bxd6 23. Bxd7 Rad8 24. Bxd6 Rxd7 25. Bxc5 a5 26. O-O-O Rf8 27. Rd3 Rc8 28. Be3 a4 29. Rhd1 Ke6 30. Rd4 a3 31. c4 axb2+ 32. Kxb2 Rb7+ 33. Kc3 Ra8 34. cxd5+ Kf7 35. a4 Rab8 36. d6 Rb3+ 37. Kc4 Rb2 38. d7 1-0

[Event "XVI Memorial Lezcano Montalvo 2024"]
[Site "Gran Canaria"]
[Date "2024.03.26"]
[Round "4.27"]
[White "Morales Camacho, Julian"]
[Black "Sanchez Montesdeoca, Isaac"]
[Result "1-0"]
[ECO "A28"]
[WhiteElo "2186"]
[BlackElo "1832"]
[Annotator "RC"]
[PlyCount "100"]
[EventDate "2024.03.23"]
[EventType "swiss"]
[EventCountry "ESP"]
[SourceTitle "playchess.com"]
[Source "ChessBase"]
[SourceQuality "1"]
[TimeControl "5400+30"]

1. c4 e5 2. e3 Nf6 3. Nc3 Nc6 4. a3 a5 5. Qc2 Be7 6. Nf3 O-O 7. Nd5 Re8 8. Nxe7+ Qxe7 9. d3 e4 10. dxe4 Nxe4 11. Bd3 f5 12. O-O a4 13. Nd4 g6 14. Nb5 d6 15. Nc3 Nxc3 16. Qxc3 Qe5 17. Qc2 h6 18. Bd2 Qe7 19. f4 Be6 20. Rf3 Qf7 21. Rh3 h5 22. Rg3 Ne7 23. Rg5 c5 24. h3 d5 25. cxd5 Bxd5 26. Qxc5 Rac8 27. Qd4 Red8 28. Bc3 Kh7 29. Qf6 Qxf6 30. Bxf6 Be6 31. Bb5 Rd5 32. Bxa4 Ra5 33. Bd1 Nd5 34. Bd4 Rc4 35. g3 Nc7 36. g4 h4 37. Bc3 Ra8 38. gxf5 Bxf5 39. Bb3 Re4 40. Kf2 Rae8 41. Be5 Ne6 42. Rg2 Rf8 43. Bd6 Rd8 44. Bb4 Re8 45. Re1 Nxf4 46. exf4 Rxf4+ 47. Kg1 Rxb4 48. Rxe8 Rxb3 49. Re7+ Kh6 50. Rge2 Rd3 1-0

[Event "XVI Memorial Lezcano Montalvo 2024"]
[Site "Gran Canaria"]
[Date "2024.03.26"]
[Round "4.28"]
[White "Ascension Suarez, Joel"]
[Black "Gonzalez Martinez, Miguel Angel"]
[Result "0-1"]
[ECO "A54"]
[WhiteElo "1731"]
[BlackElo "2158"]
[Annotator "RC"]
[PlyCount "52"]
[EventDate "2024.03.23"]
[EventType "swiss"]
[EventCountry "ESP"]
[SourceTitle "playchess.com"]
[Source "ChessBase"]
[SourceQuality "1"]
[TimeControl "5400+30"]

1. Nf3 Nf6 2. g3 d6 3. d4 Nbd7 4. c4 e5 5. Bg2 c6 6. Nc3 Be7 7. O-O O-O 8. b3 Qc7 9. Ba3 Qa5 10. Bb2 e4 11. Nd2 e3 12. fxe3 Ng4 13. Rf3 Bg5 14. Nf1 f5 15. h3 Ngf6 16. Qc2 g6 17. Rd1 d5 18. cxd5 cxd5 19. Na4 Ne4 20. Bc3 Qc7 21. Rc1 Rf6 22. Nc5 Rc6 23. Bb4 b6 24. Ne6 Rxc2 25. Nxc7 Rxc1 26. Nxa8 Bb7 0-1

[Event "XVI Memorial Lezcano Montalvo 2024"]
[Site "Gran Canaria"]
[Date "2024.03.26"]
[Round "4.29"]
[White "Perez Celis, Alba"]
[Black "Lopez Pereyra, Antonio"]
[Result "0-1"]
[ECO "B06"]
[WhiteElo "1854"]
[BlackElo "2069"]
[Annotator "RC"]
[PlyCount "82"]
[EventDate "2024.03.23"]
[EventType "swiss"]
[EventCountry "ESP"]
[SourceTitle "playchess.com"]
[Source "ChessBase"]
[SourceQuality "1"]
[TimeControl "5400+30"]

1. e4 g6 2. d4 Bg7 3. Nc3 d6 4. Be3 c6 5. Be2 b5 6. Qd2 Nd7 7. f4 b4 8. Nd1 a5 9. Nf3 Ba6 10. O-O Bxe2 11. Qxe2 Qc7 12. a3 bxa3 13. Rxa3 Ngf6 14. Nc3 Ng4 15. Bd2 O-O 16. h3 Ngf6 17. Rfa1 e5 18. Kh1 Nh5 19. Qf2 exf4 20. b4 a4 21. Ne2 f5 22. exf5 Rxf5 23. Rxa4 Rxa4 24. Rxa4 Nb6 25. Ra5 d5 26. Qe1 Rf8 27. Nc3 Qd7 28. Qa1 Qf5 29. b5 Nc4 30. Ra8 cxb5 31. Nxb5 Nxd2 32. Rxf8+ Bxf8 33. Nxd2 Qxc2 34. Nf1 f3 35. gxf3 Nf4 36. Ne3 Qe2 37. Qg1 Qxf3+ 38. Ng2 Nxh3 39. Qe1 Nf4 40. Qd2 Qf1+ 41. Kh2 Nxg2 0-1

[Event "XVI Memorial Lezcano Montalvo 2024"]
[Site "Gran Canaria"]
[Date "2024.03.26"]
[Round "4.30"]
[White "Sarmiento Afonso, Santiago"]
[Black "Gonzalez Perdomo, Sergio"]
[Result "1/2-1/2"]
[ECO "D36"]
[WhiteElo "2023"]
[BlackElo "1792"]
[Annotator "RC"]
[PlyCount "90"]
[EventDate "2024.03.23"]
[EventType "swiss"]
[EventCountry "ESP"]
[SourceTitle "playchess.com"]
[Source "ChessBase"]
[SourceQuality "1"]
[TimeControl "5400+30"]

1. d4 Nf6 2. c4 e6 3. Nc3 d5 4. cxd5 exd5 5. Bg5 Be7 6. Nf3 Nbd7 7. e3 O-O 8. Bd3 c6 9. O-O Re8 10. Qc2 h6 11. Bh4 Ne4 12. Bxe7 Qxe7 13. Rae1 a6 14. Nd2 Nxd2 15. Qxd2 Nf6 16. f3 Qd6 17. Bb1 c5 18. Rd1 Be6 19. Rfe1 Rad8 20. Ne2 b6 21. Ng3 Qd7 22. Qc2 Rc8 23. Qf2 Rcd8 24. Re2 g6 25. Red2 Qc7 26. h3 Kg7 27. f4 Bc8 28. f5 Bb7 29. Qf3 Qe7 30. Re2 Ne4 31. Rf1 Rd6 32. dxc5 bxc5 33. Bxe4 dxe4 34. Qg4 Qg5 35. Qxg5 hxg5 36. fxg6 Kxg6 37. Ref2 f6 38. Rc1 Rd3 39. Nf5 Re5 40. g4 Bc8 41. Rc4 Bxf5 42. gxf5+ Rxf5 43. Rxf5 Kxf5 44. Rxc5+ Kg6 45. Kf2 Rd2+ 1/2-1/2

[Event "XVI Memorial Lezcano Montalvo 2024"]
[Site "Gran Canaria"]
[Date "2024.03.26"]
[Round "4.31"]
[White "Fernandez Manrique, Agustin"]
[Black "Bangiev, Katharina"]
[Result "1/2-1/2"]
[ECO "A38"]
[WhiteElo "2017"]
[BlackElo "1779"]
[Annotator "RC"]
[PlyCount "40"]
[EventDate "2024.03.23"]
[EventType "swiss"]
[EventCountry "ESP"]
[SourceTitle "playchess.com"]
[Source "ChessBase"]
[SourceQuality "1"]
[TimeControl "5400+30"]

1. c4 c5 2. Nc3 Nc6 3. g3 g6 4. Bg2 Bg7 5. a3 Nf6 6. Rb1 a5 7. Nf3 O-O 8. O-O d6 9. d3 h6 10. Bd2 Be6 11. Ne1 Qd7 12. Nd5 Bxd5 13. cxd5 Nd4 14. e3 Nb5 15. Qa4 Nc7 16. Qxd7 Nxd7 17. a4 Nb6 18. b3 Nbxd5 19. Nc2 Ra7 20. d4 b6 1/2-1/2

[Event "XVI Memorial Lezcano Montalvo 2024"]
[Site "Gran Canaria"]
[Date "2024.03.26"]
[Round "4.32"]
[White "Vargas Tinoco, Martin Alonso"]
[Black "Segura Marsa, Andres"]
[Result "0-1"]
[ECO "A45"]
[WhiteElo "1681"]
[BlackElo "1987"]
[Annotator "RC"]
[PlyCount "76"]
[EventDate "2024.03.23"]
[EventType "swiss"]
[EventCountry "ESP"]
[SourceTitle "playchess.com"]
[Source "ChessBase"]
[SourceQuality "1"]
[TimeControl "5400+30"]

1. d4 Nf6 2. Bf4 g6 3. Nc3 c5 4. dxc5 Qa5 5. Qd2 Qxc5 6. Nf3 Nc6 7. e4 d6 8. a3 Bg7 9. Be2 O-O 10. b4 Qb6 11. Be3 Qd8 12. Nd4 Bd7 13. f3 Rc8 14. Bb5 Ne5 15. Bd3 Nc4 16. Bxc4 Rxc4 17. Nce2 Qc7 18. c3 d5 19. Qd3 dxe4 20. fxe4 e5 21. Nb3 b6 22. Nd2 Rc6 23. c4 Rd6 24. Qc2 Ng4 25. Qb3 Ba4 26. Qc3 Nxe3 27. Qxe3 Rfd8 28. Nc3 Rd3 29. Qxd3 Rxd3 30. Nxa4 Qd7 31. Nxb6 axb6 32. Nf3 Re3+ 33. Kf2 Rxe4 34. Rhd1 Qc7 35. Rac1 Rxc4 36. Rxc4 Qxc4 37. Rd8+ Bf8 38. Nxe5 Qh4+ 0-1

[Event "XVI Memorial Lezcano Montalvo 2024"]
[Site "Gran Canaria"]
[Date "2024.03.26"]
[Round "4.33"]
[White "Sosa Suarez, Carla Cristina"]
[Black "Julien Casteleiro, Ariel"]
[Result "1-0"]
[ECO "C05"]
[WhiteElo "1980"]
[BlackElo "1739"]
[Annotator "RC"]
[PlyCount "51"]
[EventDate "2024.03.23"]
[EventType "swiss"]
[EventCountry "ESP"]
[SourceTitle "playchess.com"]
[Source "ChessBase"]
[SourceQuality "1"]
[TimeControl "5400+30"]

1. e4 e6 2. d4 d5 3. Nd2 Nf6 4. e5 Nfd7 5. f4 c5 6. c3 Nc6 7. Ndf3 Qb6 8. g3 cxd4 9. cxd4 Bb4+ 10. Kf2 O-O 11. Kg2 f6 12. Bd3 fxe5 13. fxe5 Ndxe5 14. dxe5 Nxe5 15. Nxe5 Rf2+ 16. Kh3 Bd6 17. Ngf3 Qc7 18. Be3 Rxb2 19. Bd4 Rb4 20. Rf1 Rxd4 21. Bxh7+ Kxh7 22. Qxd4 b6 23. Qh4+ Kg8 24. Ng5 g6 25. Rf7 Qxf7 26. Ngxf7 1-0

[Event "XVI Memorial Lezcano Montalvo 2024"]
[Site "Gran Canaria"]
[Date "2024.03.26"]
[Round "4.34"]
[White "Sanchez Gonzalez, Diego"]
[Black "Barrera Martin, Nayra Maria"]
[Result "1-0"]
[ECO "B05"]
[WhiteElo "1908"]
[BlackElo "1728"]
[Annotator "NA RC"]
[PlyCount "39"]
[EventDate "2024.03.23"]
[EventType "swiss"]
[EventCountry "ESP"]
[SourceTitle "playchess.com"]
[Source "ChessBase"]
[SourceQuality "1"]
[TimeControl "5400+30"]

1. e4 Nf6 2. e5 Nd5 3. d4 d6 4. c4 Nb6 5. Nf3 Bg4 6. exd6 cxd6 7. Be3 g6 8. Bd3 Bg7 9. Nbd2 O-O 10. h3 Bxf3 11. Nxf3 N8d7 12. O-O Nf6 13. Re1 Rc8 14. Rc1 Qd7 15. Qe2 Rfe8 16. Red1 a6 17. b3 Na8 18. Ne5 Qd8 19. Nf3 Nc7 20. Nd2 1-0

[Event "XVI Memorial Lezcano Montalvo 2024"]
[Site "Gran Canaria"]
[Date "2024.03.26"]
[Round "4.36"]
[White "Quiceno Ramirez, Edwin Alejandro"]
[Black "Mesa Rodriguez, Antonio"]
[Result "1-0"]
[ECO "E99"]
[WhiteElo "1888"]
[BlackElo "1697"]
[Annotator "NA RC"]
[PlyCount "93"]
[EventDate "2024.03.23"]
[EventType "swiss"]
[EventCountry "ESP"]
[SourceTitle "playchess.com"]
[Source "ChessBase"]
[SourceQuality "1"]
[TimeControl "5400+30"]

1. d4 Nf6 2. c4 g6 3. Nc3 Bg7 4. e4 d6 5. Nf3 O-O 6. Be2 e5 7. O-O Nc6 8. d5 Ne7 9. Ne1 Nd7 10. Be3 f5 11. f3 f4 12. Bf2 g5 13. Nd3 Nf6 14. c5 h5 15. Rc1 Bd7 16. Qb3 b6 17. cxd6 cxd6 18. Nb5 Bxb5 19. Qxb5 g4 20. g3 Nh7 21. gxf4 exf4 22. Bh4 Bf6 23. Bxf6 Rxf6 24. fxg4 Qf8 25. e5 dxe5 26. Nxe5 Qg7 27. Qc4 Rc8 28. Nc6 Nxc6 29. dxc6+ Kh8 30. Qd5 Rc7 31. Qxh5 Qe7 32. Bf3 Qe3+ 33. Kh1 Qe7 34. Rfe1 Re6 35. Rxe6 Qxe6 36. Qd5 Qe7 37. Qd4+ Nf6 38. g5 Qe3 39. Qxe3 fxe3 40. gxf6 Kg8 41. Bd5+ Kf8 42. Rg1 Rf7 43. Bxf7 e2 44. Be6 e1=Q 45. Rxe1 b5 46. c7 Ke8 47. c8=Q# 1-0

[Event "XVI Memorial Lezcano Montalvo 2024"]
[Site "Gran Canaria"]
[Date "2024.03.26"]
[Round "4.37"]
[White "Peters, Alexander John"]
[Black "Matos Guedes, Silverio"]
[Result "1-0"]
[ECO "A28"]
[WhiteElo "1993"]
[BlackElo "1675"]
[Annotator "NA RC"]
[PlyCount "59"]
[EventDate "2024.03.23"]
[EventType "swiss"]
[EventCountry "ESP"]
[SourceTitle "playchess.com"]
[Source "ChessBase"]
[SourceQuality "1"]
[TimeControl "5400+30"]

1. Nf3 Nc6 2. c4 Nf6 3. g3 e5 4. d3 d5 5. cxd5 Nxd5 6. Nc3 Bb4 7. Bd2 Nxc3 8. bxc3 Bd6 9. Bg2 Be6 10. O-O h5 11. Ng5 h4 12. Nxe6 fxe6 13. Qb3 Qc8 14. Rab1 Nd8 15. Bxb7 Nxb7 16. Qxb7 Qd8 17. Qc6+ Kf7 18. f4 e4 19. Qxe4 hxg3 20. hxg3 Qf6 21. Kg2 Qf5 22. Qxf5+ exf5 23. Rb5 g6 24. e4 Rae8 25. e5 g5 26. exd6 Re2+ 27. Rf2 Rh2+ 28. Kxh2 Rxf2+ 29. Kg1 Rxd2 30. dxc7 1-0

[Event "XVI Memorial Lezcano Montalvo 2024"]
[Site "Gran Canaria"]
[Date "2024.03.26"]
[Round "4.39"]
[White "Lizzul Coppe, Mirko"]
[Black "Sanchez Arencibia, Heriberto"]
[Result "1-0"]
[ECO "C01"]
[WhiteElo "2027"]
[BlackElo "1636"]
[Annotator "RC"]
[PlyCount "67"]
[EventDate "2024.03.23"]
[EventType "swiss"]
[EventCountry "ESP"]
[SourceTitle "playchess.com"]
[Source "ChessBase"]
[SourceQuality "1"]
[TimeControl "5400+30"]

1. e4 e6 2. d4 d5 3. Bd3 c5 4. exd5 exd5 5. Nf3 Nf6 6. O-O c4 7. Re1+ Be7 8. Bf1 O-O 9. h3 Nc6 10. b3 b5 11. a4 cxb3 12. axb5 bxc2 13. Qxc2 Nb4 14. Qb3 Bf5 15. Na3 a5 16. bxa6 Nxa6 17. Bxa6 Rxa6 18. Qb7 Re6 19. Re5 Rxe5 20. Nxe5 Bxa3 21. Bxa3 Qc8 22. Qe7 Qe8 23. Qxf8+ Qxf8 24. Bxf8 Kxf8 25. Ra8+ Ne8 26. g4 Be6 27. f4 f6 28. Nd3 Bf7 29. Kf2 g6 30. Nc5 Kg7 31. Ne6+ Kg8 32. Nc7 Kf8 33. Nxe8 Bxe8 34. Rd8 1-0

[Event "XVI Memorial Lezcano Montalvo 2024"]
[Site "Gran Canaria"]
[Date "2024.03.26"]
[Round "4.41"]
[White "Cabrera Ramos, Javier"]
[Black "Richter, Anastasia"]
[Result "1-0"]
[ECO "D00"]
[WhiteElo "1784"]
[BlackElo "1614"]
[Annotator "NA RC"]
[PlyCount "117"]
[EventDate "2024.03.23"]
[EventType "swiss"]
[EventCountry "ESP"]
[SourceTitle "playchess.com"]
[Source "ChessBase"]
[SourceQuality "1"]
[TimeControl "5400+30"]

1. d4 d5 2. g3 Nf6 3. Bg2 Bf5 4. c4 e6 5. Qb3 Nc6 6. e3 Qd7 7. Bd2 Be7 8. Nc3 Nb4 9. Ne4 Nd3+ 10. Qxd3 Nxe4 11. Qb3 O-O 12. Nf3 c5 13. cxd5 exd5 14. Bc3 c4 15. Qd1 b5 16. a3 a5 17. Nd2 Qe6 18. Nxe4 Bxe4 19. O-O Bxg2 20. Kxg2 f5 21. Qd2 Qb6 22. Qc2 h5 23. b4 a4 24. Qe2 Qg6 25. Qf3 Rad8 26. Rae1 Rd7 27. Rh1 Bd8 28. Qd1 Bc7 29. Kf1 Qg4 30. f3 Qh3+ 31. Kf2 h4 32. Reg1 Rd6 33. Ke2 f4 34. gxf4 Qe6 35. Rg4 Rd7 36. Kd2 Re7 37. Re1 Qf5 38. Qc2 Qxc2+ 39. Kxc2 Rfe8 40. Bd2 Bd8 41. f5 Kf8 42. e4 Rf7 43. Bg5 Bxg5 44. Rxg5 dxe4 45. fxe4 Rf6 46. Kc3 g6 47. fxg6 Rf3+ 48. Kc2 Kg7 49. Rxb5 Rf4 50. e5 Rxd4 51. Kc3 Rg4 52. Re2 Re6 53. Rc5 Rgxg6 54. Kxc4 Rg1 55. Kd5 Rgg6 56. Rc4 Rh6 57. Rxh4 Rxe5+ 58. Rxe5 Rxh4 59. Re3 1-0

[Event "XVI Memorial Lezcano Montalvo 2024"]
[Site "Gran Canaria"]
[Date "2024.03.26"]
[Round "4.42"]
[White "Grube, Kurt"]
[Black "Juan Miguel, Javier"]
[Result "1-0"]
[ECO "D35"]
[WhiteElo "1773"]
[BlackElo "1597"]
[Annotator "NA RC"]
[PlyCount "123"]
[EventDate "2024.03.23"]
[EventType "swiss"]
[EventCountry "ESP"]
[SourceTitle "playchess.com"]
[Source "ChessBase"]
[SourceQuality "1"]
[TimeControl "5400+30"]

1. c4 e6 2. Nf3 Nf6 3. d4 d5 4. Nc3 c6 5. cxd5 exd5 6. h3 Bd6 7. e3 Bf5 8. Bd3 Ne4 9. Qc2 Qe7 10. Nd2 Bb4 11. a3 Bxc3 12. bxc3 Nd7 13. c4 Ndf6 14. Nf3 Kf8 15. a4 Qd8 16. Ba3+ Kg8 17. O-O h6 18. Ne5 g5 19. f3 dxc4 20. Nxc4 Ng3 21. Bxf5 Nxf1 22. Rxf1 Nd5 23. e4 Ne7 24. Nd6 Nxf5 25. Nxf5 Qd7 26. Qc4 Rd8 27. Rb1 Rh7 28. Nd6 Rb8 29. e5 Qe6 30. Qd3 f6 31. Ne4 fxe5 32. dxe5 Rf7 33. Nf6+ Kh8 34. Qg6 Rxf6 35. exf6 Qg8 36. Qxh6+ Qh7 37. Qxh7+ Kxh7 38. Kf2 Kg6 39. Be7 b6 40. Ke3 c5 41. Kd3 g4 42. fxg4 Kf7 43. Kc4 a6 44. Bxc5 Kxf6 45. Rxb6+ Rxb6 46. Bxb6 Ke7 47. g5 Kf7 48. g4 Kg7 49. Bd8 Kf7 50. Kc5 Ke8 51. Bf6 Kd7 52. g6 Ke8 53. g7 Kf7 54. g5 Kg8 55. Kb6 a5 56. Kxa5 Kh7 57. Kb4 Kg8 58. a5 Kh7 59. Kb5 Kg8 60. a6 Kh7 61. a7 Kg8 62. a8=Q+ 1-0

[Event "XVI Memorial Lezcano Montalvo 2024"]
[Site "Gran Canaria"]
[Date "2024.03.27"]
[Round "5.1"]
[White "Dvirnyy, Danyyil"]
[Black "Larino Nieto, David"]
[Result "0-1"]
[ECO "B07"]
[WhiteElo "2482"]
[BlackElo "2365"]
[Annotator "TA"]
[PlyCount "96"]
[EventDate "2024.03.23"]
[EventType "swiss"]
[EventCountry "ESP"]
[SourceTitle "playchess.com"]
[Source "ChessBase"]
[SourceQuality "1"]
[TimeControl "5400+30"]

1. e4 d6 2. d4 Nf6 3. Nc3 e6 4. Be3 Be7 5. h3 O-O 6. Nf3 a6 7. Bd3 b5 8. Ne2 {[%emt 0:01:50] Die Stellung ist ausgeglichen.} Bb7 9. Ng3 d5 10. e5 Ne4 11. O-O Nd7 12. c3 c5 (12... f5 $14 {verdient Beachtung.}) 13. Ne2 (13. Qb1 $16) 13... b4 14. cxb4 cxd4 15. Bxd4 Bxb4 16. Qb3 a5 17. a3 Ndc5 (17... Bc5 $1 $11) 18. Bxc5 $1 $16 Nxc5 19. Bxh7+ Kxh7 20. Qc2+ (20. Qe3 $5) 20... Ne4 21. axb4 axb4 {[%emt 0:00:02] Schwarz hat schwache schwarze Felder} 22. Ned4 Qb6 23. Qb3 f6 (23... Rxa1 $11 24. Rxa1 Ra8 25. Rxa8 Bxa8) 24. Rxa8 $1 $14 Bxa8 (24... Rxa8 $14 25. Qe3 Bc8) 25. Qe3 $16 Bb7 26. Qf4 Kg8 27. exf6 gxf6 (27... Rxf6 $16 28. Qe5 Qa6) 28. Rc1 $18 Rc8 {[%emt 0:02:31] Es drohte Rc7} 29. Qg4+ Kf7 30. Qh5+ ({Günstiger ist} 30. Rd1 $1 $16 {Und Qh5+ würde nun gewinnen.} Rh8 31. Rc1) 30... Ke7 (30... Kg7 $14 31. Qg4+ Kf8) 31. Qh7+ $1 Kd6 {[%emt 0:00:18] [#]} 32. Rd1 Re8 (32... Bc6 $16) 33. h4 Bc6 {[%emt 0:01:43] [#]} 34. Nb5+ $1 Qxb5 35. Qxe4 e5 36. Qg6 Re6 (36... d4 37. Qxf6+ Kc7) 37. h5 d4 38. Nh4 Qe2 39. Nf5+ Kd5 40. Ne3+ (40. Rf1 $18 {Zielt auf Qg8 ab.} Bb5 41. Ng3) 40... Kc5 $14 41. Rc1+ Kb5 42. Nc4 (42. Nf5 $14 Be4 (42... Qxb2 43. Rf1 $11) 43. Qf7 Qxb2 (43... Bxf5 $2 44. Qd7+ Ka6 45. h6 $18) 44. Rc8 (44. Qd7+ Bc6 $11)) 42... d3 $36 {[%emt 0:00:08][%mdl 2048] Schwarz steht aktiver. Tanz auf der Rasierklinge.} 43. Qg8 $2 {[%emt 0:03:24][%mdl 8192] [#]} (43. Ne3 $11 {und Weiss muss sich keine Sorgen machen.} d2 (43... Qxb2 $2 44. Qxd3+ Ka4 45. Qa6+ Kb3 46. Ra1 $18) 44. Rf1) 43... Qc2 {[%emt 0:00:17] Aktives Gegenspiel!} (43... d2 $3 $19 {[%mdl 512] und Schwarz behält klar die Oberhand.} 44. Nxd2 (44. Qb8+ Ka4) 44... Qxd2 45. Qb8+ Ka4 46. Ra1+ Kb3) 44. Ra1 {[%emt 0:05:03][%mdl 8192] Davon erholt Weiß sich nicht mehr.} (44. Rxc2 $17 {war die entscheidende Verteidigung.} dxc2 45. Qxe6 c1=Q+ (45... c1=R+ $2 46. Kh2 $18) 46. Kh2 Qf4+ (46... Qxc4 47. Qxf6 Qe4 48. f3 $11) 47. Kh3) 44... Qxc4 $19 45. h6 (45. Qb8+ $142 Kc5 46. Ra5+ Kd4 47. Qa7+ Ke4 48. Qe3+ Kf5 49. Qh3+ Kg5 50. Qe3+ Kxh5 51. Ra7) 45... d2 46. Qb8+ Kc5 {[%emt 0:00:22] ( -> ...Qc1+)} 47. h7 Qc1+ 48. Kh2 Qxa1 {[%emt 0:00:45] Gewichteter Fehlerwert: Weiß=0.76/Schwarz=0.28 (präzise) .  Verlustzug:     	Weiß=2     	---        Gewinn verpasst:   	Weiß=1     	---        Fehler:       	Weiß=4     	Schwarz=9     Ungenau:       	Weiß=3     	Schwarz=1     OK:         	Weiß=15    	Schwarz=10    Bester:       	Weiß=4     	Schwarz=11    Stark:        	Weiß=2     	---} (48... d1=R $2 {verliert.} 49. Qa7+ (49. h8=R $2 {ist ein Selbstmatt.} Rh1+ 50. Kg3 Qg5#) (49. Rxc1+ Rxc1 50. h8=Q Re8 $18) 49... Kc4 50. Rxc1+ (50. h8=R $2 Rh1+ 51. Kg3 Qg5#) 50... Rxc1 51. h8=Q $18 (51. h8=R Rd6 $18)) 0-1